Map: Catalyst LE

Players

BlackAvatar

  • Race: Terran Terran
  • League: Diamond
  • Spawn Location: 5:00

Reia - Winner!

  • Race: Zerg Zerg
  • League: Platinum
  • Spawn Location: 11:00

VOD

Have the link to the VOD?

Description

Time

  • Played on: April 19, 2018, 9:24 p.m.
  • Length: 21:13
Show
View Real Time Build Order
Export as new Build Order

BlackAvatar Terran 

Build Orders: MMM Bio 

Get SALT Encoding   

  12  0:00  SCV  
  13  0:13  Supply Depot  
  13  0:21  SCV  
  14  0:33  SCV  
  15  0:38  Barracks  
  15  0:45  SCV  
  16  0:53  Barracks  
  16  1:00  SCV  
  17  1:09  Supply Depot  
  17  1:12  SCV  
  18  1:24  Barracks  
  18  1:33  Orbital Command  
  18  1:39  Marine  
  19  1:44  Marine  
  20  1:52  Barracks  
  20  1:58  Marine  
  20  1:59  SCV  
  22  2:11  SCV, Marine  
  22  2:13  Marine  
  25  2:20  Marine  
  26  2:23  SCV  
  26  2:28  Marine  
  28  2:34  Marine  
  28  2:36  SCV  
  30  2:38  Marine  
  31  2:44  Supply Depot  
  31  2:46  Marine  
  31  2:48  SCV  
  31  2:49  Marine  
  34  2:51  Marine  
  34  2:56  Marine  
  36  3:00  SCV  
  36  3:04  Marine  
  38  3:07  Marine  
  39  3:12  Marine  
  39  3:14  Marine  
  41  3:20  Refinery  
  41  3:22  Marine  
  41  3:23  Refinery  
  41  3:25  Marine  
  43  3:30  Marine  
  43  3:32  Marine  
  45  3:47  SCV  
  42  4:12  Marine x2  
  42  4:13  Marine x2  
  44  4:30  SCV, Marine  
  48  4:33  Barracks Tech Lab  
  48  4:36  Barracks Tech Lab  
  38  4:59  Command Center  
  31  5:00  Marine x2  
  31  5:01  Bunker  
  31  5:02  Concussive Shells  
  31  5:05  Marauder x2  
  31  5:06  Stimpack  
  37  5:10  SCV  
  38  5:18  Marine  
  38  5:20  Supply Depot x2  
  39  5:27  Supply Depot  
  39  5:36  SCV, Engineering Bay  
  40  5:47  Barracks Reactor x2  
  40  5:49  SCV  
  39  6:16  Planetary Fortress  
  39  6:20  Refinery  
  39  6:21  Refinery, SCV  
  40  6:33  SCV  
  40  6:38  Marine x4  
  45  6:44  Marauder  
  45  6:45  SCV  
  48  6:48  Marauder  
  48  6:52  SCV  
  51  6:57  SCV  
  52  7:05  SCV  
  53  7:10  SCV  
  54  7:17  Marine  
  54  7:18  Marine x2  
  54  7:19  Marine  
  54  7:21  Marauder x2  
  54  7:22  SCV  
  63  7:24  Combat Shields  
  63  7:27  SCV  
  64  7:34  SCV  
  65  7:37  Command Center  
  65  7:39  SCV  
  64  8:05  Marine  
  64  8:06  Marine x2  
  64  8:07  Marauder x2  
  64  8:09  Marine  
  68  8:23  Marine x2  
  68  8:25  SCV  
  71  8:36  Engineering Bay  
  71  8:37  Terran Infantry Weapons Level 1, SCV, Factory  
  71  8:41  Command Center  
  72  8:49  SCV  
  72  8:50  Planetary Fortress, Bunker  
  73  9:01  SCV  
  73  9:02  Marine, Marauder  
  76  9:08  Bunker  
  77  9:26  Neosteel Frame  
  77  9:32  Engineering Bay  
  77  9:33  Starport  
  77  9:36  Starport  
  77  9:37  Factory Tech Lab  
  77  9:41  Armory  
  77  9:45  Marine  
  77  9:46  Marine x2  
  77  9:47  Missile Turret  
  80  9:59  Planetary Fortress  
  80  10:07  SCV  
  80  10:10  Sensor Tower  
  80  10:14  Refinery  
  81  10:15  SCV  
  81  10:20  Starport Tech Lab, SCV  
  83  10:21  Starport Tech Lab  
  83  10:27  SCV  
  84  10:29  Building Armor  
  84  10:32  SCV  
  84  10:33  Terran Infantry Armor Level 1  
  85  10:39  SCV  
  86  10:44  SCV x2  
  86  10:45  Hi-Sec Auto Tracking  
  86  10:49  Medivac  
  90  10:50  Medivac  
  90  10:51  SCV  
  90  10:56  SCV  
  94  11:00  Starport  
  94  11:01  SCV  
  94  11:03  SCV, Refinery  
  96  11:08  SCV  
  97  11:13  SCV  
  98  11:19  Medivac  
  98  11:20  Medivac, SCV  
  103  11:27  Sensor Tower  
  103  11:29  Marine x2  
  103  11:30  Marine  
  103  11:31  Marine  
  103  11:32  Marine, Marauder, SCV  
  111  11:37  Starport Reactor  
  111  11:41  SCV  
  111  11:42  SCV x2  
  111  11:44  SCV  
  115  11:47  Marine  
  115  11:49  Medivac x2  
  115  11:53  SCV  
  115  11:54  Marine x3  
  124  12:02  Supply Depot  
  124  12:05  Supply Depot  
  124  12:06  Supply Depot, Sensor Tower  
  124  12:08  Supply Depot  
  124  12:09  Supply Depot  
  124  12:14  Supply Depot  
  124  12:19  Raven x2  
  124  12:21  SCV  
  129  12:28  Sensor Tower  
  129  12:33  SCV  
  130  12:37  Missile Turret  
  130  12:40  Missile Turret  
  130  12:43  Missile Turret  
  130  12:44  Terran Infantry Weapons Level 2  
  130  12:45  Terran Infantry Armor Level 2  
  130  12:47  SCV  
  130  12:48  Missile Turret, Marauder  
  130  12:50  Marine x2  
  137  12:51  Marauder  
  137  12:53  SCV  
  137  12:57  Marine x2  
  140  13:05  SCV  
  140  13:06  Barracks  
  140  13:07  Raven  
  140  13:08  Barracks, Marine, Raven  
  140  13:09  Marauder  
  140  13:11  Corvid Reactor  
  148  13:33  Marine x2  
  148  13:34  Marine x3  
  150  13:36  Marauder  
  150  13:37  SCV  
  156  13:50  Medivac  
  156  13:51  Medivac  
  156  13:52  Marauder  
  156  13:53  Medivac x2  
  166  13:56  Barracks, Marine x3  
  166  13:57  Marauder  
  166  13:59  Barracks Tech Lab  
  171  14:09  Barracks  
  171  14:15  Barracks  
  171  14:18  Barracks  
  171  14:20  Marine  
  171  14:21  Marauder x3  
  171  14:23  Medivac x2  
  182  14:26  Barracks Tech Lab  
  182  14:42  Marauder x3  
  188  14:47  Marauder  
  188  14:48  Barracks Tech Lab  
  190  15:01  Raven x2  
  190  15:02  Medivac  
  190  15:05  Barracks Tech Lab  
  190  15:06  Barracks Tech Lab  
  196  15:14  Supply Depot, Medivac, Marauder  
  200  15:19  Supply Depot  
  200  15:21  Supply Depot  
  200  15:30  Marauder  
  200  15:31  Marauder x3  
  193  15:36  Marauder  
  167  15:52  Marauder x3  
  167  15:53  Marauder  
  169  15:59  Marine x2  
  169  16:00  Marauder  
  169  16:01  Marine x2  
  175  16:13  Marauder  
  175  16:14  Marauder x3  
  175  16:15  Raven  
  175  16:16  Medivac x2, Marine, Raven  
  175  16:17  Marine  
  193  16:19  Marine x2  
  193  16:21  Marine, Marauder x2  
  157  17:02  Raven x2  
  157  17:07  Marine x2  
  160  17:08  Marauder x3  
  160  17:09  Marauder x4  
  160  17:10  Marine  
  175  17:30  Marauder x7  
  175  17:34  Marine x3  
  175  17:35  Marine x2  
  175  17:36  Command Center  
  188  17:39  Command Center  
  188  17:45  Raven x2  
  188  17:51  Marauder x4  
  198  17:53  Bunker  
  198  17:55  Bunker  
  198  17:56  Terran Infantry Weapons Level 3  
  198  17:57  Terran Infantry Armor Level 3  
  198  18:28  Raven  
  155  18:54  Viking x2  
  155  18:55  Viking  
  157  19:00  Planetary Fortress  
  157  19:01  Planetary Fortress  
  157  19:11  Viking  
  159  19:24  Viking x2  
  159  19:25  Viking  
  163  19:41  Viking  
  112  20:18  Viking x4  
  116  20:37  Starport  
  116  20:39  Command Center, Starport  
  116  20:41  Command Center  
  116  20:42  Command Center  
Show
View Real Time Build Order
Export as new Build Order

Reia Zerg - Winner!

Build Orders: Hatch First 

Get SALT Encoding   

  12  0:01  Drone  
  13  0:13  Overlord  
  13  0:20  Drone  
  14  0:31  Drone x2  
  16  0:36  Drone  
  17  0:54  Hatchery  
  16  0:57  Drone  
  16  1:01  Drone  
  18  1:11  Extractor  
  18  1:16  Spawning Pool  
  16  1:19  Drone  
  16  1:22  Drone  
  18  1:29  Drone  
  19  1:40  Overlord  
  19  2:02  Queen  
  19  2:04  Zergling x4  
  19  2:06  Queen  
  19  2:07  Drone  
  26  2:14  Metabolic Boost  
  26  2:17  Drone x2  
  28  2:23  Drone  
  28  2:28  Drone  
  30  2:33  Drone  
  31  2:41  Overlord  
  31  2:51  Pneumatized Carapace  
  31  2:56  Drone  
  32  3:04  Hatchery  
  31  3:11  Drone x4  
  31  3:12  Drone x2  
  37  3:23  Overlord x2  
  37  3:37  Spine Crawler  
  36  3:43  Zergling x2, Spine Crawler  
  36  3:44  Zergling x10  
  41  3:51  Overlord  
  37  4:14  Zergling x2  
  37  4:15  Zergling x12  
  40  4:31  Zergling x2, Spine Crawler  
  37  4:32  Zergling x8  
  41  4:40  Zergling x2, Spine Crawler  
  41  4:41  Zergling x2  
  37  4:59  Extractor  
  37  5:00  Hatchery  
  37  5:01  Extractor  
  35  5:24  Overlord  
  35  5:25  Overlord x3  
  35  5:42  Queen  
  35  5:44  Drone x2  
  35  5:45  Drone x5  
  44  5:53  Drone  
  38  6:15  Drone  
  38  6:16  Drone x6  
  38  6:17  Drone  
  48  6:22  Zergling x2  
  49  6:29  Lair  
  49  6:31  Queen  
  49  6:34  Queen  
  51  6:44  Drone x3  
  51  6:45  Drone x3  
  57  6:52  Evolution Chamber x2, Extractor  
  54  6:56  Zergling x16  
  62  7:12  Drone x3  
  62  7:14  Drone x3  
  68  7:20  Zerg Missile Weapons Level 1  
  68  7:21  Zerg Ground Armor Level 1  
  68  7:33  Drone x2  
  68  7:34  Drone x5, Hydralisk Den  
  68  7:36  Overlord x2  
  72  7:56  Zergling x12  
  57  8:07  Zergling x18  
  66  8:16  Spine Crawler  
  66  8:19  Zergling x2  
  64  8:20  Zergling x2  
  65  8:52  Hatchery, Extractor  
  65  8:53  Hatchery, Grooved Spines  
  62  8:56  Extractor  
  61  9:05  Hydralisk  
  61  9:06  Hydralisk x10  
  83  9:18  Overlord x2  
  83  9:57  Hatchery, Extractor  
  80  10:01  Extractor  
  80  10:05  Muscular Augments  
  79  10:09  Drone x14  
  93  10:18  Overseer  
  93  10:46  Drone x2  
  93  10:47  Drone x3  
  93  10:48  Drone x2  
  93  10:49  Drone x4  
  104  10:50  Overlord x3  
  104  10:51  Overlord x2  
  104  11:08  Infestation Pit, Queen  
  105  11:24  Queen  
  107  11:32  Drone x5  
  112  11:33  Drone x3  
  112  11:35  Drone  
  112  11:36  Drone  
  117  11:42  Drone x4  
  117  11:43  Spire, Drone x4  
  124  11:47  Hive  
  123  12:47  Hydralisk x9  
  123  12:48  Hydralisk x4  
  123  12:51  Hatchery, Extractor  
  147  12:52  Overlord x5  
  147  12:53  Overlord x4  
  147  12:56  Extractor  
  146  13:15  Greater Spire  
  146  13:19  Zerg Melee Weapons Level 1, Zerg Ground Armor Level 2  
  146  13:22  Ultralisk Cavern  
  145  13:51  Viper  
  145  13:52  Viper x2  
  154  14:09  Chitinous Plating  
  154  14:11  Ultralisk x5  
  154  14:12  Ultralisk x2, Zergling x8  
  200  14:19  Overseer x2  
  200  14:20  Overseer  
  200  14:50  Zerg Flyer Armor Level 1  
  200  15:15  Extractor  
  200  15:16  Hatchery  
  200  15:17  Extractor  
  197  15:33  Ultralisk x3  
  197  15:34  Zergling x12  
  199  15:38  Zerg Melee Weapons Level 2, Zerg Ground Armor Level 3  
  177  15:49  Hydralisk x3  
  143  15:50  Ultralisk, Hydralisk  
  143  15:51  Ultralisk x5, Zergling x2  
  143  15:52  Zergling x40  
  143  15:53  Zergling x10  
  176  16:16  Corruptor x4  
  178  16:48  Corruptor x3  
  178  16:49  Corruptor x2  
  178  16:53  Brood Lord  
  157  17:02  Brood Lord x2  
  161  17:14  Corruptor x2  
  161  17:15  Corruptor  
  167  17:26  Brood Lord x2  
  171  17:37  Brood Lord  
  171  17:38  Brood Lord  
  171  17:43  Drone x3  
  178  17:54  Brood Lord  
  178  17:55  Brood Lord x2  
  184  18:16  Corruptor x6  
  177  18:23  Corruptor  
  177  18:24  Corruptor  
  177  18:38  Corruptor  
  177  18:39  Corruptor x4  
  162  18:52  Zergling x2  
  162  18:53  Zergling x72  
  183  19:45  Ultralisk x4, Zergling x2  
  187  19:46  Zergling x20  
  194  20:43  Hatchery  
  194  20:46  Extractor x2  
Tags
 
Composition
MMM Bio
Matchup
TvZ
Spawn Locations
Cross Positions
Add a new tag
Caveats
  • Supply blocks, unpowered buildings, or Contaminate may cause inaccurate times.
  • Supply counts are checked every 10 seconds.